 Dungeon Sprint DCSS version 0.29-a0-384-g6960b1960d (webtiles) character file.

Game seed: 11066034968259342751

490111 garrulousMonolith the End of an Era (level 20, 197/197 HPs)
             Began as a Formicid Fighter on May 6, 2022.
             Was the Champion of Qazlal.
             Escaped with the Orb!
             The game lasted 00:26:22 (4762 turns).

garrulousMonolith the End of an Era (FoFi)          Turns: 4762, Time: 00:26:23

Health: 197/197    AC: 46    Str: 33    XL:     20   Next: 86%
Magic:  51/51      EV: 11    Int: 15    God:    Qazlal [******]
Gold:   0          SH: 43    Dex: 10    Spells: 72/73 levels left

rFire   + + .      SeeInvis +   x - +16 lance "Wyrmbane" {slay drac, rPois rF+ rC+ AC+3}
rCold   + + .      Faith    +   u - +18 shield of the Gong {rElec rN+ Will+ EV-5}
rNeg    + + .      Spirit   .   p - +12 gold dragon scales
rPois   +          Reflect  .   (helmet unavailable)
rElec   +          Harm     .   (no cloak)
rCorr   +          Rampage  .   I - +0 pair of gloves "Feiq Teupneu" {Drain rCorr Str+4 SInv}
Will    +++..                   Y - +0 pair of boots of Bawkiozie {rElec rN+}
Stlth   ..........              L - amulet of faith
HPRegen 0.42/turn               F - +6 ring of strength
MPRegen 0.32/turn               J - ring of Shadows {Umbra +Inv Stlth+}

@: wreathed by umbra, studying 2 skills, repel missiles
A: permanent stasis, dig shafts and tunnels, antennae 3, four strong arms
0: Orb of Zot
a: Dig, Renounce Religion, Evoke Invisibility, Upheaval, Elemental Force,
Disaster Area


You escaped.
You worshipped Qazlal.
Qazlal was exalted by your worship.
You visited 1 branch

Inventory:

Hand Weapons
 s - the +14 obsidian axe {vorpal, Mesm Drain Fly SInv}
   (You found it in the Dungeon)

   It inflicts extra damage upon your enemies.
   It occasionally summons demons to assist the wielder when it strikes in
   combat.
   Its wielder is mesmerised by any visible foes.
   It cannot be unequipped while any foes are visible.
   SInv:      It lets you see invisible.
   Fly:       It grants you flight.
   Drain:     It drains your maximum health when unequipped.
 v - the +7 Singing Sword {vorpal, sonic wave}
   (You found it in the Dungeon)

   It inflicts extra damage upon your enemies.
   It radiates damaging sonic waves as it strikes, especially in combat
   involving dangerous or numerous foes.
 w - the +7 great mace "Firestarter" {inner flame, rF++}
   (You found it in the Dungeon)

   It burns those it strikes, dealing additional fire damage.
   It fills those it strikes with an explosive inner flame.
   It grants immunity to clouds of flame.
   rF:        It greatly protects you from fire.
 x - the +16 lance "Wyrmbane" (weapon) {slay drac, rPois rF+ rC+ AC+3}
   (You found it in the Dungeon)

   It inflicts extra damage against dragons and draconians.
   AC:        It affects your AC (+3).
   rF:        It protects you from fire.
   rC:        It protects you from cold.
   rPois:     It protects you from poison.
 M - the +8 frozen axe "Frostbite" {freezing cloud, *Noise Fly rC+}
   (You found it in the Dungeon)

   It freezes those it strikes, dealing additional cold damage.
   It can also slow down cold-blooded creatures.
   It occasionally leaves clouds of freezing vapour upon striking a foe.
   It grants immunity to clouds of freezing vapour.
   rC:        It protects you from cold.
   Fly:       It grants you flight.
   *Noise:    It may make noises in combat.
 N - the +5 demon whip "Spellbinder" {antimagic, Will+}
   (You found it in the Dungeon)

   It reduces the magical energy of the wielder, and disrupts the spells and
   magical abilities of those it strikes.
   Natural abilities and divine invocations are not affected.
   It unleashes wild and unpredictable magical effects upon striking a wizard or
   a creature with magical abilities.
   Will:      It increases your willpower.
 Z - the +8 trident of the Octopus King {venom, rElec rPois}
   (You took it off a centaur warrior in the Dungeon)

   It poisons the flesh of those it strikes.
   rElec:     It insulates you from electricity.
   rPois:     It protects you from poison.
Armour
 p - +12 gold dragon scales (worn)
 t - the +15 Maxwell's patent armour {-Cast -Tele rElec Will+ rCorr}
   (You found it in the Dungeon)

   rElec:     It insulates you from electricity.
   -Cast:     It prevents spellcasting.
   -Tele:     It prevents most forms of teleportation.
   rCorr:     It protects you from acid and corrosion.
   Will:      It increases your willpower.
 u - the +18 shield of the Gong (worn) {rElec rN+ Will+ EV-5}
   (You found it in the Dungeon)

   It is deafeningly noisy when blocking attacks.
   EV:        It affects your evasion (-5).
   rElec:     It insulates you from electricity.
   rN:        It protects you from negative energy.
   Will:      It increases your willpower.
 E - the +8 orange crystal plate armour {Archmagi, Int+3 Clar}
   (You found it in the Dungeon)

   Int:       It affects your intelligence (+3).
   Clar:      It protects you against confusion.
 H - the +0 pair of gloves "Haduadu" {Int+4}
   (You found it in the Dungeon)

   Int:       It affects your intelligence (+4).
 I - the +0 pair of gloves "Feiq Teupneu" (worn) {Drain rCorr Str+4 SInv}
   (You found it in the Dungeon)

   Str:       It affects your strength (+4).
   SInv:      It lets you see invisible.
   rCorr:     It protects you from acid and corrosion.
   Drain:     It drains your maximum health when unequipped.
 Y - the +0 pair of boots of Bawkiozie (worn) {rElec rN+}
   (You found it in the Dungeon)

   rElec:     It insulates you from electricity.
   rN:        It protects you from negative energy.
Jewellery
 k - the amulet of the Four Winds {rN+ Will+++ Clar}
   (You took it off a merfolk javelineer in the Dungeon)

   [amulet of nothing]

   rN:        It protects you from negative energy.
   Clar:      It protects you against confusion.
   Will:      It greatly increases your willpower.
 r - a ring of positive energy
 z - a ring of flight
 B - a +6 ring of dexterity
 C - the ring of Zily {rPois rC+ Will+}
   (You found it in the Dungeon)

   [ring of poison resistance]

   rC:        It protects you from cold.
   rPois:     It protects you from poison.
   Will:      It increases your willpower.
 D - a +6 ring of intelligence
 F - a +6 ring of strength (left hand)
 J - the ring of Shadows (right hand) {Umbra +Inv Stlth+}
   (You found it in the Dungeon)

   [ring of stealth]

   It surrounds you with an aura of shadow, increasing your stealth and reducing
   the accuracy of all others within it.
   +Inv:      It lets you turn invisible.
   Stlth:     It makes you more stealthy.
 L - an amulet of faith (around neck)
 P - a +6 ring of strength
 V - the ring of Peace {rF+ Str+6 Stlth+}
   (You found it in the Dungeon)

   [ring of strength]

   Str:       It affects your strength (+6).
   rF:        It protects you from fire.
   Stlth:     It makes you more stealthy.
 W - a +6 ring of dexterity
 X - the ring of Painar {rC+ rCorr Int+4 Dex+3}
   (You found it in the Dungeon)

   [ring of protection from cold]

   Int:       It affects your intelligence (+4).
   Dex:       It affects your dexterity (+3).
   rC:        It protects you from cold.
   rCorr:     It protects you from acid and corrosion.
Wands
 b - a wand of mindburst (7)
 c - a wand of iceblast (7)
 y - a wand of acid (7)
 O - a wand of paralysis (11)
Scrolls
 l - 4 scrolls of amnesia
 m - 7 scrolls of fog
 n - 2 scrolls of identify
 o - 2 scrolls of fear
 A - a scroll of enchant armour
 T - 4 scrolls of enchant weapon
 U - 3 scrolls of brand weapon
Potions
 d - 7 potions of might
 e - 10 potions of curing
 f - 5 potions of heal wounds
 g - 5 potions of magic
 h - 2 potions of brilliance
 i - 2 potions of invisibility
 j - 4 potions of resistance
 Q - a potion of lignification
 R - a potion of flight
 S - a potion of attraction
Miscellaneous
 a - a phial of floods
 q - a condenser vane
 G - a lightning rod (4/4)
 K - a phantom mirror


   Skills:
 O Level 27 Fighting
 - Level 14.0 Polearms
 O Level 27 Armour
 O Level 27 Dodging
 O Level 27 Shields
 O Level 27 Spellcasting
 + Level 13.4 Conjurations
 O Level 27 Invocations
 * Level 24.4 Evocations


You had 72 spell levels left.
You knew the following spells:

 Your Spells              Type           Power      Damage    Failure   Level
a - Apportation           Tloc           40%        N/A       8%          1

Your spell library contained the following spells:

 Spells                   Type           Power      Damage    Failure   Level
 Foxfire                  Conj/Fire      100%       2x1d9     1%          1
 Magic Dart               Conj           100%       1d8       1%          1
 Shock                    Conj/Air       100%       1d9       1%          1
 Searing Ray              Conj           100%       2d8       1%          2
 Static Discharge         Conj/Air       40%        N/A       1%          2
 Conjure Flame            Conj/Fire      40%        6-21      1%          3
 Dazzling Flash           Conj/Hex       80%        N/A       1%          3
 Iskenderun's Battlesphe  Conj           57%        2d11      1%          5
 Mephitic Cloud           Conj/Pois/Air  33%        N/A       3%          3
 Flame Wave               Conj/Fire      40%        2d9       4%          4
 Fulminant Prism          Conj/Hex       20%        3d13      4%          4
 Hailstorm                Conj/Ice       40%        3d10      4%          4
 Iskenderun's Mystic Bla  Conj/Tloc      40%        2d9       4%          4
 Sticky Flame             Conj/Fire      40%        2d6       4%          4
 Animate Skeleton         Necr           40%        N/A       8%          1
 Beastly Appendage        Tmut           40%        N/A       8%          1
 Freeze                   Ice            80%        1d9       8%          1
 Pain                     Necr           80%        1d8       8%          1
 Sandblast                Erth           40%        2d10      8%          1
 Slow                     Hex            80%        N/A       8%          1
 Sting                    Tmut/Pois      80%        1d7       8%          1
 Summon Small Mammal      Summ           80%        N/A       8%          1
 Call Imp                 Summ           20%        N/A       12%         2
 Corpse Rot               Necr/Air       40%        N/A       12%         2
 Ensorcelled Hibernation  Hex/Ice        40%        N/A       12%         2
 Passwall                 Tmut/Erth      16%        N/A       12%         2
 Poisonous Vapours        Pois/Air       40%        N/A       12%         2
 Sublimation of Blood     Necr           20%        N/A       12%         2
 Wereblood                Tmut           20%        N/A       12%         2
 Fireball                 Conj/Fire      20%        3d10      14%         5
 Irradiate                Conj/Tmut      20%        3d20      14%         5
 Frozen Ramparts          Ice            40%        1d6       22%         3
 Gell's Gravitas          Tloc           20%        N/A       22%         3
 Ignite Poison            Fire/Tmut/Pois 20%        N/A       22%         3
 Inner Flame              Hex/Fire       20%        N/A       22%         3
 Lesser Beckoning         Tloc           20%        N/A       22%         3
 Portal Projectile        Hex/Tloc       40%        N/A       22%         3
 Spider Form              Tmut/Pois      20%        N/A       22%         3
 Summon Guardian Golem    Hex/Summ       20%        N/A       22%         3
 Teleport Other           Tloc           20%        N/A       22%         3
 Tukima's Dance           Hex            20%        N/A       22%         3
 Vampiric Draining        Necr           20%        2d7       22%         3
 Anguish                  Hex/Necr       10%        N/A       58%         4
 Animate Armour           Summ/Erth      40%        N/A       58%         4
 Animate Dead             Necr           10%        N/A       58%         4
 Cause Fear               Hex            10%        N/A       58%         4
 Dispel Undead            Necr           20%        3d11      58%         4
 Ice Form                 Ice/Tmut       20%        N/A       58%         4
 Leda's Liquefaction      Hex/Erth       10%        N/A       58%         4
 Olgreb's Toxic Radiance  Pois           20%        N/A       58%         4
 Passage of Golubria      Tloc           20%        N/A       58%         4
 Petrify                  Tmut/Erth      20%        N/A       58%         4
 Summon Ice Beast         Ice/Summ       20%        N/A       58%         4
 Summon Lightning Spire   Summ/Air       20%        N/A       58%         4
 Conjure Ball Lightning   Conj/Air       20%        3x3d6     58%         6
 Iron Shot                Conj/Erth      20%        9d5       58%         6
 Starburst                Conj/Fire      20%        6d7       58%         6
 Agony                    Necr           20%        N/A       91%         5
 Alistair's Intoxication  Tmut/Pois      13%        N/A       91%         5
 Blade Hands              Tmut           10%        N/A       91%         5
 Borgnjor's Vile Clutch   Necr/Erth      10%        N/A       91%         5
 Excruciating Wounds      Necr           10%        N/A       91%         5
 Lee's Rapid Deconstruct  Erth           10%        3d9*      91%         5
 Manifold Assault         Tloc           20%        N/A       91%         5
 Metabolic Englaciation   Hex/Ice        10%        N/A       91%         5
 Silence                  Hex/Air        10%        N/A       91%         5
 Summon Forest            Summ/Tloc      10%        N/A       91%         5
 Summon Mana Viper        Hex/Summ       20%        N/A       91%         5
 Yara's Violent Unravell  Hex/Tmut       10%        3d6       91%         5
 Spellforged Servitor     Conj/Summ      20%        N/A       99%         7
 Death Channel            Necr           10%        N/A       100%        6
 Eringya's Noxious Bog    Tmut/Pois      10%        N/A       100%        6
 Simulacrum               Ice/Necr       10%        N/A       100%        6
 Statue Form              Tmut/Erth      13%        N/A       100%        6
 Summon Cactus Giant      Summ           10%        N/A       100%        6
 Dragon Form              Tmut           10%        N/A       100%        7
 Enfeeble                 Hex            10%        N/A       100%        7
 Haunt                    Necr/Summ      10%        N/A       100%        7
 Malign Gateway           Summ/Tloc      10%        N/A       100%        7
 Monstrous Menagerie      Summ           10%        N/A       100%        7
 Ozocubu's Refrigeration  Ice            10%        4d7       100%        7
 Storm Form               Tmut/Air       10%        N/A       100%        7
 Summon Hydra             Summ           10%        N/A       100%        7
 Borgnjor's Revivificati  Necr           10%        N/A       100%        8
 Ignition                 Fire           10%        3d5       100%        8
 Infestation              Necr           10%        N/A       100%        8
 Lehudib's Crystal Spear  Conj/Erth      20%        10d6      100%        8
 Maxwell's Capacitive Co  Air            10%        ∞         100%        8
 Summon Horrible Things   Summ           10%        N/A       100%        8
 Chain Lightning          Conj/Air       20%        3d26      100%        9
 Death's Door             Necr           10%        N/A       100%        9
 Dragon's Call            Summ           10%        N/A       100%        9
 Blink                    Tloc           Unusable   N/A       N/A         2
 Swiftness                Air            Unusable   N/A       N/A         3

Dungeon Overview and Level Annotations

Branches:
Dungeon (1/1)

Altars:
Ashenzari
Cheibriados
Dithmenos
Elyvilon
Fedhas
Gozag
Hepliaklqana
Kikubaaqudgha
Makhleb
Nemelex Xobeh
Okawaru
Qazlal
Ru
Sif Muna
Trog
Uskayaw
Vehumet
Wu Jian
Xom
Yredelemnul
Zin
The Shining One
Beogh
Jiyva
Lugonu


Innate Abilities, Weirdness & Mutations

You cannot be hasted, slowed, berserked, paralysed or teleported.
You can dig through walls and to a lower floor.
You have a pair of large antennae on your head. (SInv)
Your four strong arms can wield two-handed weapons with a shield.


Message History

Your pack is full.
Things that are here:
a +2 battleaxe of freezing; a ring of magical power; a frost giant skeleton Your pack is full.
Items here: ( = ÷÷.
Things that are here:
the +6 hunting sling of Wrongful Imprisonment {flame, MP+9 Str+2 SInv}; 6 large rocks; a titan skeleton
Okay, then.
Items here: ( )) [ | ÷÷÷÷.
Items here: ( )))) ÷÷÷÷.
Items here: ( )))) ÷.
Things that are here:
3 large rocks; a book of Burglary Your pack is full.
You see here the amulet "Kuvude" {Reflect *Corrode rC+ rN+ Int+4 SH+5}.
You see here a +0 great mace.
Things that are here:
a +1 ring mail of poison resistance; a +0 dire flail; a +0 spear of venom
Items here: ( ) : }.
Things that are here:
a +1 ring mail of poison resistance; a +0 dire flail; a +0 spear of venom You see here a +0 great mace.
Things that are here:
a +1 ring mail of poison resistance; a +0 dire flail; a +0 spear of venom
Items here: ( ) : }.
Okay, then.
Things that are here:
a +1 ring mail of poison resistance; a +0 dire flail; a +0 spear of venom You see here a +0 great mace.
There is a transporter here.
An exit appears before you!
You enter the transporter and appear at another place.
Found the Orb of Zot.
Found a staircase leading out of the dungeon.
You see here the Orb of Zot.
You pick up the Orb of Zot!
The Orb lets out a hideous shriek!
The lords of Pandemonium are not amused.
Beware!
Now all you have to do is get back out of the dungeon!
There is a staircase leading out of the dungeon here.
You have escaped!

.....[÷.÷...▓..▓...)...▓..▓...8©8
...=........▓.▓▓▓.....▓▓▓.▓..)}.[
..[.....)...▓..▓.......▓..▓..))|)
..[[........▓.............▓...)[.
............▓......©......▓....).
..÷.÷.......▓▓▓▓▓▓▓▓▓▓▓▓▓▓▓....).
▓.......▓...▓8888888888888▓......
▓▓.....▓▓▓..▓8.○.........8▓..▓...
▓.......▓...▓8○○@.....©..8▓.▓....
............▓8....○......8▓....©.
....©.......▓8888888888888▓▓▓▓▓▓▓
▓▓▓▓▓▓▓▓▓▓▓▓▓▓▓▓▓▓▓▓▓▓▓▓▓▓▓▓▓▓▓▓▓
..}}|8©8|..(....▓.......[8©8.....
}.)}...=...)")..▓.|||...[.||.|:=}
.....)....).|)}.▓.)[)"..[.).:[|..
..)......=):..).▓..[.=.).........
..}.|...........▓.......)........


There were no monsters in sight!

Vanquished Creatures
  An ancient lich (D)
  A pandemonium lord (D)
  7 bone dragons (D)
  2 profane servitors (D)
  3 doom hounds (D)
  4 electric golems (D)
  5 Tzitzimimeh (D)
  4 Ice Fiends (D)
  8 tainted leviathans (D)
  5 deep elf master archers (D)
  21 titans (D)
  A tentacled starspawn (D)
  Frances (D)
  Kirke (D)
  4 storm dragons (D)
  Donald (D)
  10 shadow dragons (D)
  5 nagarajas (D)
  4 narguns (D)
  10 frost giants (D)
  5 fire giants (D)
  2 orc warlords (D)
  An emperor scorpion (D)
  Aizul (D)
  13 ghouls (D)
  A reaper (D)
  17 stone giants (D)
  Nessos (D)
  Azrael (D)
  An entropy weaver (D)
  5 putrid mouths (D)
  A spark wasp (D)
  An eidolon (D)
  10 ettins (D)
  3 merfolk javelineers (D)
  4 blizzard demons (D)
  Josephine (D)
  2 yaktaur captains (D)
  6 ice dragons (D)
  5 centaur warriors (D)
  A radroach (D)
  6 spriggan air magi (D)
  A hydra (D)
  2 jorogumos (D)
  8 anacondas (D)
  6 naga warriors (D)
  Erica (D)
  3 dancing weapons (D)
  2 hell hogs (D)
  2 vampire magi (D)
  15 soul eaters (D)
  Nergalle (D)
  5 pharaoh ants (D)
  3 sun moths (D)
  A sixfirhy (D)
  A skeletal warrior (D)
  An orb spider (D)
  A deep elf zephyrmancer (D)
  3 starcursed masses (D)
  An orc knight (D)
  3 necromancers (D)
  2 deep elf pyromancers (D)
  12 cyclopes (D)
  2 orc sorcerers (D)
  2 moths of wrath (D)
  9 black mambas (D)
  3 guardian serpents (D)
  2 smoke demons (D)
  4 naga magi (D)
  3 torpor snails (D)
  An apocalypse crab (D)
  A cane toad (D)
  A hellion (D)
  6 rime drakes (D)
  4 demonic crawlers (D)
  A komodo dragon (D)
  2 yaktaurs (D)
  8 freezing wraiths (D)
  4 tormentors (D)
  8 ice devils (D)
  A hellwing (D)
  2 red devils (D)
  5 hornets (D)
  5 polar bears (D)
  A meliai (D)
  2 blink frogs (D)
  2 wind drakes (D)
  A raiju (D)
  Grinder (D)
  2 slime creatures (D)
  6 large abominations (D)
  5 air elementals (D)
  4 jumping spiders (D)
  5 culicivoras (D)
  Eustachio (D)
  3 ynoxinuls (D)
  2 yaks (D)
  A fire elemental (D)
  2 wraiths (D)
  A chaos spawn (D)
  3 redbacks (D)
  3 neqoxecs (D)
  2 wargs (D)
  7 nagas (D)
  3 hell hounds (D)
  4 water moccasins (D)
  9 ice beasts (D)
  6 orc warriors (D)
  3 ogres (D)
  A wolf (D)
  3 centaurs (D)
  A bullfrog (D)
  4 small abominations (D)
  A wight (D)
  2 crimson imps (D)
  A jelly (D)
  2 quasits (D)
  3 orc priests (D)
  3 iron imps (D)
  Ijyb (D)
  An orc wizard (D)
  4 mummies (D)
  6 adders (D)
  A shadow imp (D)
  12 white imps (D)
  A spectral adder (D)
  7 adder zombies (D)
  4 adder skeletons (D)
  2 adder simulacra (D)
  3 orcs (D)
  A spectral bat (D)
  9 ball pythons (D)
  4 bat skeletons (D)
  10 bat zombies (D)
  An endoplasm (D)
  5 ball python simulacra (D)
  2 ball python zombies (D)
  2 bat simulacra (D)
  A giant cockroach simulacrum (D)
  2 giant cockroach zombies (D)
  A jackal simulacrum (D)
  2 jackal skeletons (D)
  A jackal zombie (D)
  2 quokka simulacra (D)
  2 quokka skeletons (D)
  A quokka zombie (D)
  A spectral ball python (D)
  A fire vortex (D)
  2 starspawn tentacles (D)
526 creatures vanquished.

Vanquished Creatures (collateral kills)
  A doom hound (D)
  A titan (D)
  2 tentacled starspawn (D)
  A shadow dragon (D)
  A storm dragon (D)
  A raiju (D)
  A neqoxec (D)
  A starcursed mass (D)
9 creatures vanquished.

Vanquished Creatures (others)
  A chaos spawn (D)
  A crimson imp (D)
  A white imp (D)
  2 ufetubi (D)
  2 starspawn tentacles (D)
7 creatures vanquished.

Grand Total: 542 creatures vanquished

Notes
Turn   | Place    | Note
-------+----------+-------------------------------------------
     0 | D        | garrulousMonolith the Formicid Fighter began the quest for
                  | the Orb.
     0 | D        | Reached XP level 1. HP: 18/18 MP: 1/1
     0 | D        | Found a shimmering blue altar of Sif Muna.
     0 | D        | Found a sacrificial altar of Ru.
     0 | D        | Found a bloodstained altar of Trog.
     0 | D        | Found a stormy altar of Qazlal.
     0 | D        | Found an iron altar of Okawaru.
     0 | D        | Found a sparkling altar of Nemelex Xobeh.
     0 | D        | Found a blossoming altar of Fedhas.
     0 | D        | Found the +6 Majin-Bo {vamp, MP+6 Int+6}
     0 | D        | Found the +9 heavy crossbow "Sniper" {vorpal, Acc+∞ SInv}
     0 | D        | Found the +10 dark maul {vorpal}
     0 | D        | Found the +15 Maxwell's patent armour {-Cast -Tele rElec
                  | Will+ rCorr}
     0 | D        | Found the +18 shield of the Gong {rElec rN+ Will+ EV-5}
     0 | D        | Found the +14 obsidian axe {vorpal, Mesm Drain Fly SInv}
     0 | D        | Found the +7 great mace "Firestarter" {inner flame, rF++}
     0 | D        | Found the +6 shillelagh "Devastator" {shatter}
     0 | D        | Found the +11 plutonium sword {Contam Stlth-}
     0 | D        | Found the +8 lance "Wyrmbane" {slay drac, rPois rF+ rC+
                  | AC+3}
     0 | D        | Found the +9 sword of Zonguldrok {reap}
     0 | D        | Found the +13 scythe of Curses {drain, Drain}
     0 | D        | Found the +5 sword of Power {vorpal}
     0 | D        | Found the +7 mace of Variability {chain chaos}
     0 | D        | Found the +7 Singing Sword {vorpal, sonic wave}
     0 | D        | Found the +8 storm bow {elec, penet}
     2 | D        | Found a transporter.
     2 | D        | Found an ancient bone altar of Kikubaaqudgha.
     2 | D        | Found a viscous altar of Jiyva.
     2 | D        | Found a corrupted altar of Lugonu.
     2 | D        | Found a hazy altar of Hepliaklqana.
     2 | D        | Found a burning altar of Makhleb.
     2 | D        | Found an opulent altar of Gozag.
    58 | D        | Became a worshipper of Qazlal Stormbringer
    99 | D        | Entered arena 2.
    99 | D        | Found a transporter.
   101 | D        | Reached skill level 1 in Invocations
   122 | D        | Entered arena 3.
   122 | D        | Found a transporter.
   126 | D        | Reached * piety under Qazlal
   127 | D        | Reached skill level 5 in Invocations
   127 | D        | Reached XP level 2. HP: 20/24 MP: 2/5
   136 | D        | Reached XP level 3. HP: 25/29 MP: 2/7
   177 | D        | Entered arena 4.
   177 | D        | Found the ring of Shadows {Umbra +Inv Stlth+}
   177 | D        | Noticed a slime creature
   177 | D        | Noticed a slime creature
   177 | D        | Found a transporter.
   185 | D        | Killed a slime creature
   185 | D        | Reached ** piety under Qazlal
   186 | D        | Reached XP level 4. HP: 31/35 MP: 7/12
   186 | D        | Reached XP level 5. HP: 37/41 MP: 8/14
   186 | D        | Reached XP level 6. HP: 42/47 MP: 8/15
   194 | D        | Killed a slime creature
   195 | D        | Reached XP level 7. HP: 42/52 MP: 9/18
   263 | D        | Got Facoe's Tome of the Traveller
   278 | D        | Entered arena 5.
   278 | D        | Found a transporter.
   284 | D        | Reached *** piety under Qazlal
   313 | D        | Entered arena 6.
   313 | D        | Found a transporter.
   314 | D        | Reached **** piety under Qazlal
   315 | D        | Reached ***** piety under Qazlal
   344 | D        | Entered arena 7.
   344 | D        | Noticed a +7 halberd of freezing
   344 | D        | Noticed a deep elf zephyrmancer
   344 | D        | Noticed a deep elf pyromancer
   344 | D        | Noticed a +4 battleaxe of electrocution
   344 | D        | Noticed a +4 trident of freezing
   344 | D        | Noticed a deep elf pyromancer
   345 | D        | Killed a deep elf pyromancer
   345 | D        | Killed a +7 halberd of freezing
   345 | D        | Killed a +4 trident of freezing
   345 | D        | Killed a +4 battleaxe of electrocution
   346 | D        | Reached XP level 8. HP: 58/58 MP: 12/24
   346 | D        | Reached XP level 9. HP: 64/64 MP: 12/25
   346 | D        | Found a transporter.
   349 | D        | Killed a deep elf zephyrmancer
   350 | D        | Reached XP level 10. HP: 66/70 MP: 13/26
   356 | D        | Killed a deep elf pyromancer
   361 | D        | Got the Grimoire of Doomed Earth
   396 | D        | Entered arena 8.
   397 | D        | Found a transporter.
   398 | D        | Reached ****** piety under Qazlal
   405 | D        | Got the ring of Zily {rPois rC+ Will+}
   458 | D        | Entered arena 9.
   458 | D        | Noticed a hell hog
   458 | D        | Noticed a hell hog
   459 | D        | Found a transporter.
   460 | D        | Killed a hell hog
   460 | D        | Killed a hell hog
   461 | D        | Reached skill level 27 in Invocations
   518 | D        | Entered arena 10.
   519 | D        | Found a transporter.
   522 | D        | Reached XP level 11. HP: 78/78 MP: 19/28
   666 | D        | Got the amulet "Uskisa" {Spirit *Corrode rF+++ Int+2 Dex-3}
   687 | D        | Entered arena 11.
   687 | D        | Noticed Cyaprak the pandemonium lord
   688 | D        | Found a transporter.
   689 | D        | Killed Cyaprak the pandemonium lord
   758 | D        | Entered arena 12.
   758 | D        | Found the +5 demon whip "Spellbinder" {antimagic, Will+}
   758 | D        | Noticed an eight-headed hydra
   759 | D        | Found the +8 frozen axe "Frostbite" {freezing cloud, *Noise
                  | Fly rC+}
   760 | D        | Killed an eight-headed hydra
   798 | D        | Found a transporter.
   840 | D        | Entered arena 13.
   840 | D        | Noticed a vampire mage
   840 | D        | Noticed a necromancer
   840 | D        | Noticed a skeletal warrior
   840 | D        | Noticed a ghoul
   841 | D        | Noticed a necromancer
   841 | D        | Noticed a necromancer
   842 | D        | Killed a vampire mage
   842 | D        | Killed a necromancer
   842 | D        | Killed a necromancer
   842 | D        | Killed a necromancer
   842 | D        | Killed a skeletal warrior
   842 | D        | Killed a ghoul
   843 | D        | Reached skill level 10 in Polearms
   843 | D        | Reached XP level 12. HP: 94/94 MP: 20/29
   986 | D        | Found a transporter.
  1023 | D        | Entered arena 14.
  1023 | D        | Noticed an ancient lich
  1024 | D        | Noticed a soul eater
  1024 | D        | Identified the +11 rapier "Kavvej" {speed, rF+ rN+}
  1025 | D        | Killed a soul eater
  1025 | D        | Killed an ancient lich
  1026 | D        | Reached skill level 10 in Fighting
  1026 | D        | Reached skill level 10 in Armour
  1029 | D        | Found a transporter.
  1086 | D        | Entered arena 15.
  1086 | D        | Noticed Nergalle
  1086 | D        | Noticed Josephine
  1086 | D        | Noticed Aizul
  1087 | D        | Noticed Eustachio
  1087 | D        | Noticed Ijyb
  1087 | D        | Noticed Frances
  1087 | D        | Identified the +1 leather armour of Edeevvol {rPois rCorr
                  | Dex-2}
  1087 | D        | Noticed Kirke
  1087 | D        | Noticed Nessos
  1087 | D        | Noticed Grinder
  1087 | D        | Noticed Azrael
  1088 | D        | Killed Josephine
  1088 | D        | Killed Eustachio
  1088 | D        | Killed Ijyb
  1088 | D        | Killed Nessos
  1088 | D        | Killed Aizul
  1088 | D        | Killed Grinder
  1088 | D        | Killed Nergalle
  1088 | D        | Killed Kirke
  1088 | D        | Killed Azrael
  1088 | D        | Killed Erica
  1088 | D        | Killed Frances
  1088 | D        | Killed Donald
  1089 | D        | Reached XP level 13. HP: 108/108 MP: 21/30
  1230 | D        | Found a transporter.
  1265 | D        | Entered arena 16.
  1265 | D        | Noticed a titan
  1265 | D        | Noticed a nargun
  1265 | D        | Noticed a nargun
  1266 | D        | Killed a nargun
  1266 | D        | Killed a nargun
  1266 | D        | Killed a nargun
  1266 | D        | Killed a titan
  1266 | D        | Killed a nargun
  1267 | D        | Noticed a frost giant
  1269 | D        | Killed a frost giant
  1270 | D        | Reached XP level 14. HP: 66/119 MP: 14/31
  1461 | D        | Found a transporter.
  1491 | D        | Entered arena 17.
  1493 | D        | Noticed an orc warlord
  1493 | D        | Identified the +8 war axe of the Unseen Realm {vorpal,
                  | *Slow rElec rC+++ Int+4}
  1493 | D        | Noticed an orc warlord
  1495 | D        | Killed an orc warlord
  1495 | D        | Killed an orc warlord
  1496 | D        | Reached skill level 15 in Shields
  1497 | D        | Found a transporter.
  1656 | D        | Got the Grimoire of the Dark Traveller
  1670 | D        | Entered arena 18.
  1675 | D        | Reached skill level 15 in Fighting
  1675 | D        | Reached skill level 15 in Armour
  1675 | D        | Identified the +4 shortbow of the Median {freeze, rN+}
  1676 | D        | Found a transporter.
  1761 | D        | Entered arena 19.
  1766 | D        | Reached skill level 15 in Dodging
  1824 | D        | Found the +4 moon troll leather armour {Spirit, Regen++
                  | MP+5}
  1825 | D        | Found a transporter.
  1865 | D        | Entered arena 20.
  1868 | D        | Noticed an entropy weaver
  1869 | D        | Noticed a spark wasp
  1870 | D        | Noticed an emperor scorpion
  1871 | D        | Killed an entropy weaver
  1871 | D        | Killed a spark wasp
  1871 | D        | Killed an emperor scorpion
  1872 | D        | Reached XP level 15. HP: 134/134 MP: 23/32
  1923 | D        | Found a transporter.
  1933 | D        | Got the Almanac of Dislocated Conjuration
  1941 | D        | Got the ring of Peace {rF+ Str+6 Stlth+}
  1951 | D        | Got Yrimnuc's Mastering Thaumaturgy
  1962 | D        | Got the ring "Hofiumemo" {rElec Will+ rCorr Int-2 Slay+3}
  1969 | D        | Entered arena 21.
  1972 | D        | Noticed a stone giant
  1972 | D        | Identified the +9 flail "Gaebb" {freeze, *Corrode rPois
                  | rF+++ Stlth+}
  1973 | D        | Noticed a deep elf master archer
  1973 | D        | Noticed a deep elf master archer
  1973 | D        | Identified the +5 hand crossbow of Integrity {freeze, rElec
                  | rPois rCorr Dex-4}
  1973 | D        | Noticed a deep elf master archer
  1973 | D        | Noticed a stone giant
  1974 | D        | Identified the +8 spear "Viggirr" {flame, rCorr Dex-5 SInv}
  1974 | D        | Identified the +2 battleaxe of Trial by Ordeal {venom, rC+}
  1974 | D        | Noticed a deep elf master archer
  1974 | D        | Identified the ring "Ykikaaw" {rCorr Int+4}
  1974 | D        | Noticed a deep elf master archer
  1975 | D        | Killed a deep elf master archer
  1975 | D        | Killed a deep elf master archer
  1975 | D        | Killed a deep elf master archer
  1975 | D        | Killed a deep elf master archer
  1975 | D        | Killed a deep elf master archer
  1975 | D        | Killed a stone giant
  1979 | D        | Killed a stone giant
  1981 | D        | Found a transporter.
  2189 | D        | Got the ring of Painar {rC+ rCorr Int+4 Dex+3}
  2201 | D        | Got the Volume of Toxins and the Voyage
  2203 | D        | Got Sif Muna's Guide on Entrancing Shape Shifting
  2221 | D        | Got the Disquisition on Toxic Transformation
  2229 | D        | Reached XP level 16. HP: 146/146 MP: 33/33
  2264 | D        | Entered arena 22.
  2266 | D        | Noticed an electric golem
  2266 | D        | Noticed an electric golem
  2267 | D        | Noticed a titan
  2267 | D        | Noticed a storm dragon
  2267 | D        | Noticed a titan
  2267 | D        | Noticed a titan
  2268 | D        | Noticed a titan
  2268 | D        | Identified the amulet "Feonug" {RegenMP rElec rPois rN+
                  | Will-}
  2268 | D        | Found the +0 mask of the Dragon {Will+ Slay+3 SInv}
  2268 | D        | Noticed an electric golem
  2268 | D        | Identified the +3 trident of Income {speed, rPois Int+2
                  | Stlth+}
  2268 | D        | Noticed a storm dragon
  2269 | D        | Noticed a storm dragon
  2271 | D        | Killed a titan
  2271 | D        | Killed a titan
  2271 | D        | Killed an electric golem
  2271 | D        | Killed an electric golem
  2271 | D        | Killed a storm dragon
  2271 | D        | Killed a titan
  2271 | D        | Killed a titan
  2271 | D        | Killed a storm dragon
  2271 | D        | Killed a titan
  2271 | D        | Killed a titan
  2271 | D        | Killed a storm dragon
  2271 | D        | Noticed a storm dragon
  2272 | D        | Reached XP level 17. HP: 32/158 MP: 22/34
  2273 | D        | Noticed a storm dragon
  2274 | D        | Noticed an electric golem
  2276 | D        | Noticed a titan
  2278 | D        | Killed an electric golem
  2287 | D        | Killed a storm dragon
  2287 | D        | HP: 4/158 [storm dragon/bolt of lightning (7)]
  2297 | D        | Killed a titan
  2301 | D        | Killed a storm dragon
  2307 | D        | Killed an electric golem
  2676 | D        | Found a transporter.
  2691 | D        | Got Sif Muna's Collected Works on Lethal Calling
  2708 | D        | Entered arena 23.
  2715 | D        | Noticed a tentacled starspawn
  2715 | D        | Noticed a tentacled starspawn
  2716 | D        | Killed a tentacled starspawn
  2717 | D        | Noticed a bone dragon
  2718 | D        | Noticed a bone dragon
  2719 | D        | Noticed a tentacled starspawn
  2721 | D        | Killed a tentacled starspawn
  2722 | D        | Found a transporter.
  2732 | D        | Killed a bone dragon
  2735 | D        | Killed a tentacled starspawn
  2741 | D        | Killed a bone dragon
  2857 | D        | Got the Reference Book on Changing
  2867 | D        | Got the Volume of Companions and Malediction
  2903 | D        | Entered arena 24.
  2909 | D        | Found the +2 hat of the Bear Spirit {Spirit, *Rage Will++}
  2911 | D        | Reached XP level 18. HP: 172/172 MP: 26/35
  2911 | D        | Found the +3 giant club "Skullcrusher" {speed, Str+7}
  2913 | D        | Found a transporter.
  3065 | D        | Got Plog's Handbook of Black Rituals and Confrontation
  3068 | D        | Got the Incunabulum of the Flying Oath
  3081 | D        | Got the Papyrus of Necromancy
  3085 | D        | Entered arena 25.
  3091 | D        | Noticed a tainted leviathan
  3091 | D        | Noticed a bone dragon
  3091 | D        | Noticed a tainted leviathan
  3091 | D        | Noticed a profane servitor
  3092 | D        | Noticed a tainted leviathan
  3092 | D        | Noticed a bone dragon
  3092 | D        | Found the +1 robe of Vines {NoPotionHeal Regen++++}
  3093 | D        | Killed a tainted leviathan
  3094 | D        | Reached skill level 27 in Shields
  3095 | D        | Killed a bone dragon
  3095 | D        | Killed a profane servitor
  3095 | D        | Killed a tainted leviathan
  3095 | D        | Noticed a Tzitzimitl
  3096 | D        | Noticed a doom hound
  3096 | D        | Noticed a tainted leviathan
  3096 | D        | Noticed a Tzitzimitl
  3097 | D        | Killed a tainted leviathan
  3097 | D        | Killed a Tzitzimitl
  3097 | D        | Killed a Tzitzimitl
  3098 | D        | Reached skill level 27 in Armour
  3108 | D        | Killed a doom hound
  3110 | D        | Noticed a bone dragon
  3111 | D        | Killed a bone dragon
  3119 | D        | Killed a tainted leviathan
  3120 | D        | Reached skill level 15 in Spellcasting
  3125 | D        | Noticed a Tzitzimitl
  3132 | D        | Found the +4 Cigotuvi's embrace {rMiasma Drain rN+}
  3132 | D        | Found the +8 orange crystal plate armour {Archmagi, Int+3
                  | Clar}
  3133 | D        | Found a transporter.
  3141 | D        | Killed a Tzitzimitl
  3151 | D        | Killed a bone dragon
  3547 | D        | Learned a level 1 spell: Apportation
  3570 | D        | Got the Handbook of Sinister Battle Magic
  3573 | D        | Got the +0 pair of gloves "Haduadu" {Int+4}
  3582 | D        | Got the +0 pair of boots of Bawkiozie {rElec rN+}
  3715 | D        | Entered arena 26.
  3722 | D        | Noticed a doom hound
  3723 | D        | Noticed a bone dragon
  3724 | D        | Killed a doom hound
  3724 | D        | Noticed a Tzitzimitl
  3725 | D        | Reached XP level 19. HP: 186/186 MP: 30/39
  3725 | D        | Noticed a profane servitor
  3726 | D        | Killed a profane servitor
  3727 | D        | Noticed a tainted leviathan
  3728 | D        | Noticed a doom hound
  3728 | D        | Noticed a doom hound
  3730 | D        | Killed a bone dragon
  3730 | D        | Noticed a tainted leviathan
  3731 | D        | Noticed a tainted leviathan
  3731 | D        | Killed a doom hound
  3731 | D        | Killed a doom hound
  3731 | D        | Killed a Tzitzimitl
  3732 | D        | Reached skill level 27 in Fighting
  3732 | D        | Killed a tainted leviathan
  3732 | D        | Killed a tainted leviathan
  3733 | D        | Noticed a bone dragon
  3740 | D        | Killed a tainted leviathan
  3740 | D        | Noticed a tainted leviathan
  3741 | D        | Found the +7 lajatang of Order {silver, rMut}
  3744 | D        | Killed a tainted leviathan
  3745 | D        | Noticed a Tzitzimitl
  3769 | D        | Killed a bone dragon
  3770 | D        | Killed a Tzitzimitl
  4137 | D        | Found a transporter.
  4147 | D        | Got the Reference Book on the Destructive Oath
  4181 | D        | Entered arena 27.
  4189 | D        | Noticed an Ice Fiend
  4191 | D        | Noticed an Ice Fiend
  4192 | D        | Killed an Ice Fiend
  4192 | D        | Noticed an Ice Fiend
  4193 | D        | Reached skill level 27 in Dodging
  4193 | D        | Killed an Ice Fiend
  4193 | D        | Killed an Ice Fiend
  4193 | D        | Killed an Ice Fiend
  4378 | D        | Found a transporter.
  4408 | D        | Got the Disquisition on Transmutation
  4421 | D        | Got the Grimoire of Creative Poisoning
  4421 | D        | Got Teon's Disquisition on Spatial Beguiling
  4428 | D        | Got the +0 pair of gloves "Feiq Teupneu" {Drain rCorr Str+4
                  | SInv}
  4441 | D        | Got Obyad's Guide on the Cankerous Arsonist
  4444 | D        | Got Haczirub's Papyrus of the Rocks and the Arsonist
  4454 | D        | Entered arena 28.
  4462 | D        | Noticed a titan
  4462 | D        | Noticed a titan
  4462 | D        | Noticed a titan
  4462 | D        | Noticed a titan
  4463 | D        | Noticed a titan
  4463 | D        | Noticed a titan
  4463 | D        | Noticed a titan
  4463 | D        | Noticed a titan
  4463 | D        | Noticed a titan
  4464 | D        | Killed a titan
  4464 | D        | Killed a titan
  4464 | D        | Killed a titan
  4464 | D        | Killed a titan
  4464 | D        | Killed a titan
  4464 | D        | Killed a titan
  4464 | D        | Killed a titan
  4464 | D        | Killed a titan
  4464 | D        | Killed a titan
  4465 | D        | Reached skill level 27 in Spellcasting
  4465 | D        | Reached XP level 20. HP: 165/197 MP: 40/51
  4465 | D        | Found the +7 great mace "Undeadhunter" {disrupt, rN+}
  4465 | D        | Identified the +8 scimitar "Tegeg" {flame, Stlth+}
  4470 | D        | Found a transporter.
  4700 | D        | Got Sif Muna's Almanac of the Voyage and Poison
  4705 | D        | Got Logomos's Papyrus of Combat Magic
  4722 | D        | Got the Tome of Cloudy Poison
  4757 | D        | Got the Orb of Zot
  4762 | D        | Escaped with the Orb!

Illustrated notes

Levels and vault maps discovered:
D:        sprint_v [room_start, room_1, room_2, room_3, room_4, room_5, room_6,
          room_7, room_8, room_9, room_10, room_11, room_12, room_13, room_14,
          room_15, room_16, room_17, room_18, room_19, room_20, room_21,
          room_22, room_23, room_24, room_25, room_26, room_27]

Skill      XL: |  1  2  3  4  5  6  7  8  9 10 11 12 13 14 15 16 17 18 19 20 |
---------------+-------------------------------------------------------------+-----
Invocations    | 5 6 13 16 24 27 | 27.0
Fighting       | 4 8 12 13 17 19 21 23 26 27 | 27.0
Polearms       | 4 10 14 | 14.0
Armour         | 4 8 12 13 17 19 21 23 27 | 27.0
Shields        | 4 9 13 14 18 21 23 25 27 | 27.0
Dodging        | 7 12 13 16 17 19 21 23 27 | 27.0
Spellcasting   | 11 16 27 | 27.0
Evocations     | 18 24 | 24.4
Conjurations   | 13 | 13.4

Action                   |  1- 3 |  4- 6 |  7- 9 | 10-12 | 13-15 | 16-18 | 19-21 || total
-------------------------+-------+-------+-------+-------+-------+-------+-------++-------
Melee: Lance             |    20 |     9 |    20 |    24 |    80 |   116 |    42 ||   311
Invok: Disaster Area     |       |       |     1 |     8 |     7 |    11 |    10 ||    37
       Upheaval          |       |       |     1 |       |     1 |     5 |     6 ||    13
       Elemental Force   |       |       |       |       |       |     3 |       ||     3
 Abil: Dig               |       |       |       |     1 |       |       |       ||     1
Evoke: Phial of floods   |     1 |       |       |       |       |       |       ||     1
       Condenser vane    |       |       |       |       |       |     1 |       ||     1
       Lightning rod     |       |       |       |       |       |       |     2 ||     2
  Use: Scroll            |       |       |       |     9 |       |     3 |       ||    12
       Potion            |       |       |       |       |     1 |    13 |     1 ||    15
 Stab: Distracted        |       |       |       |       |       |     1 |       ||     1
       Paralysed         |       |       |       |       |       |     1 |       ||     1
Armor: Plate armour      |    12 |     2 |     4 |     2 |       |       |       ||    20
       Gold dragon scale |       |       |       |       |     6 |    62 |    15 ||    83
Dodge: Dodged            |       |       |       |     1 |     3 |    30 |     4 ||    38
       Repelled          |       |       |       |       |       |     2 |     3 ||     5
Block: Kite shield       |    29 |    16 |    10 |    18 |    62 |   211 |    67 ||   413

Table legend: (Time is in decaauts)
 A = Elapsed time spent in this place.
 B = Non-inter-level travel time spent in this place.
 C = Inter-level travel time spent in this place.
 D = Time resting spent in this place.
 E = Time spent auto-exploring this place.
 F = Levels seen in this place.
 G = Mean time per level.
                   A        B        C        D        E       F      G
               +--------+--------+--------+--------+--------+-----+--------+
         Total |   4648 |   4648 |      0 |   3130 |     34 |   1 | 4648.0 |
       Dungeon |   4648 |   4648 |      0 |   3130 |     34 |   1 | 4648.0 |
               +--------+--------+--------+--------+--------+-----+--------+

Top non-repeatable levels by time:
       D: 4648 daAuts
